 Dungeon Crawl Stone Soup version 0.30.1-9-gdf580d7c3d (webtiles) character file.

Game seed: 1534585287606963883

1421 Psyclone the Thaumaturge (level 8, -1/41 HPs)
             Began as a Deep Elf Conjurer on Sept 29, 2023.
             Succumbed to a water moccasin's poison
             ... on level 5 of the Dungeon.
             The game lasted 00:14:54 (4791 turns).

Psyclone the Thaumaturge (Deep Elf Conjurer)        Turns: 4791, Time: 00:14:54

Health: -1/41      AC:  4    Str:  4    XL:     8   Next: 44%
Magic:  23/24      EV: 12    Int: 26    God:
Gold:   207        SH:  0    Dex: 13    Spells: 20/27 levels left

rFire   . . .        h - +0 dagger (drain)
rCold   . . .        (no shield)
rNeg    . . .        a - +0 robe
rPois   .            A - +0 hat
rElec   .            (no cloak)
rCorr   .            c - +0 pair of gloves
SInv    .            k - +0 pair of boots
Will    .....        r - amulet of regeneration
Stlth   +            (no ring)
HPRegen 1.06/turn    (no ring)
MPRegen 0.19/turn

%: no passive effects
@: confused, lethally poisoned (-1 -> -24), ambrosia-drunk
A: no striking features
a: no special abilities


You were on level 5 of the Dungeon.
You visited 1 branch of the dungeon, and saw 5 of its levels.

You collected 207 gold pieces.

Inventory:

Hand Weapons
 h - a +0 dagger of draining (weapon)
Armour
 a - a +0 robe (worn)
 c - a +0 pair of gloves (worn)
 k - a +0 pair of boots (worn)
 A - a +0 hat (worn)
Jewellery
 r - an amulet of regeneration (around neck)
Wands
 q - a wand of roots (8)
 y - a wand of flame (23)
Scrolls
 d - a scroll of acquirement {unknown}
 e - a scroll of enchant armour {unknown}
 f - a scroll of immolation {unknown}
 g - a scroll of teleportation {unknown}
 l - 3 scrolls of identify {unknown}
 t - a scroll of summoning {unknown}
 u - a scroll of enchant weapon {unknown}
 v - 2 scrolls of fear {unknown}
 x - a scroll of poison {unknown}
 z - a scroll of vulnerability {unknown}
Potions
 b - a potion of magic
 j - a potion of flight
 m - a potion of attraction {unknown}
 n - a potion of lignification {unknown}
 o - a potion of brilliance {unknown}
 p - a potion of haste {unknown}
 s - a potion of mutation {unknown}
 w - a potion of curing {unknown}
 B - a potion of invisibility {unknown}


   Skills:
 - Level 2.4 Dodging
 - Level 2.4 Stealth
 + Level 10.1 Spellcasting
 + Level 9.2 Conjurations


You had 20 spell levels left.
You knew the following spells:

 Your Spells              Type           Power      Damage    Failure   Level
a - Magic Dart            Conj           100%       1d8       1%          1
b - Searing Ray           Conj           100%       2d8       1%          2
d - Fulminant Prism       Conj/Hex       18%        3d11      7%          4

Your spell library contained the following spells:

 Spells                   Type           Power      Damage    Failure   Level
 Dazzling Flash           Conj/Hex       74%        N/A       1%          3
 Iskenderun's Battlesphe  Conj           57%        2d11      2%          5
 Iskenderun's Mystic Bla  Conj/Tloc      37%        2d9       7%          4
 Fireball                 Conj/Fire      18%        3d9       19%         5
 Orb of Destruction       Conj           28%        9d9       65%         7
 Conjure Ball Lightning   Conj/Air       18%        3x3d6     71%         6


Dungeon Overview and Level Annotations

Branches:
Dungeon (5/15) Zot: 25209
 Temple: D:4-7

Altars:
The Shining One

Shops:
D:4 *:


Message History

You regained 21 mp, and now have 22/24 mp.
Casting: Searing Ray (safe; 1% risk of failure)
Confirm with . or Enter, or press ? or * to list all spells.
Aiming: Searing Ray (safe; 1% risk of failure)
Press: ? - help, Shift-Dir - straight line, f - water moccasin
Aim: a water moccasin (72% to hit)
The searing ray misses the water moccasin. (Press . to maintain the ray.)
The water moccasin bites you.
You are poisoned.
The water moccasin poisons you!
You now have 20/24 mp.
The searing ray hits the water moccasin!
The water moccasin is moderately wounded.
You feel sick. The water moccasin bites you.
You are more poisoned.
The water moccasin poisons you! The water moccasin bites you.
You are lethally poisoned!
The water moccasin poisons you!
You take 8 damage, and have 20/41 hp.
You now have 19/24 mp.
The searing ray hits the water moccasin!
The water moccasin is severely wounded.
You feel extremely sick.
The water moccasin bites you but does no damage.
You take 7 damage, and have 13/41 hp.
The searing ray hits the water moccasin!
The water moccasin is almost dead.
You finish channelling your searing ray.
* * * LOW HITPOINT WARNING * * *
You feel very sick. The water moccasin bites you!
* * * LOW HITPOINT WARNING * * *
You are more poisoned.
The water moccasin poisons you!
The water moccasin bites you but does no damage.
You take 11 damage, and have 2/41 hp.
MASSIVE DAMAGE!!
You now have 18/24 mp.
It was a potion of ambrosia.
You are confused.
You feel invigorated.
You die...

.# .# # .# .#
###.####### . #......
..# # .
..#####...#####.###.##.
.
.......)...............
≈
####.._..####..≈≈≈≈....
.
............S@.........
..#####..#..###.###.##.
. #.........#
#####.##### #+ #.# #.#
#.# #.# #.# #.## #.#
...## #.#


You could see a water moccasin.

Vanquished Creatures
  Pikel (D:5)
  Sigmund (D:4)
  An ogre (D:3)
  A phantom (D:4)
  A lemure (D:5)
  Blork the orc (D:5)
  5 killer bees (D:5)
  An orc priest (D:5)
  A sleepcap (D:4)
  Jessica (D:2)
  Terence (D:3)
  An orc wizard (D:5)
  A gnoll (D:1)
  5 adders
  An ufetubus (D:5)
  3 worms
  5 dart slugs
  9 orcs
  6 endoplasms
  5 giant cockroaches
  10 goblins
  9 hobgoblins
  13 jackals
  9 kobolds
  6 quokkas
  3 ball pythons
  6 bats
  4 frilled lizards
  6 rats
117 creatures vanquished.

Vanquished Creatures (others)
  3 fulminant prisms (D:5)
3 creatures vanquished.

Grand Total: 120 creatures vanquished

Notes
Turn   | Place    | Note
-------+----------+-------------------------------------------
     0 | D:1      | Psyclone the Deep Elf Conjurer began the quest for the Orb.
     0 | D:1      | Reached XP level 1. HP: 10/10 MP: 6/6
   204 | D:1      | Found a faded altar of an unknown god.
   214 | D:1      | Reached XP level 2. HP: 13/15 MP: 1/8
   286 | D:1      | Learned a level 2 spell: Searing Ray
   439 | D:1      | Reached skill level 4 in Spellcasting
   553 | D:1      | Reached skill level 5 in Conjurations
   553 | D:1      | Reached XP level 3. HP: 19/19 MP: 6/10
  1938 | D:2      | Noticed Jessica
  1940 | D:2      | Killed Jessica
  1941 | D:2      | Reached XP level 4. HP: 24/24 MP: 9/12
  2008 | D:2      | Reached skill level 5 in Spellcasting
  2319 | D:2      | Reached XP level 5. HP: 28/28 MP: 3/14
  2837 | D:3      | Noticed an ogre
  2855 | D:3      | Killed an ogre
  2856 | D:3      | Reached skill level 6 in Spellcasting
  2953 | D:3      | Noticed Terence
  2960 | D:3      | Killed Terence
  2961 | D:3      | Reached XP level 6. HP: 13/32 MP: 9/17
  3710 | D:4      | Found Yniuck's Assorted Antiques.
  3747 | D:4      | Found Zotuef's Book Shop.
  3887 | D:4      | Reached skill level 7 in Spellcasting
  3978 | D:4      | Noticed Sigmund
  3985 | D:4      | Killed Sigmund
  3986 | D:4      | Reached XP level 7. HP: 31/36 MP: 12/20
  4456 | D:4      | Learned a level 4 spell: Fulminant Prism
  4547 | D:5      | Entered Level 5 of the Dungeon
  4589 | D:5      | Reached skill level 8 in Spellcasting
  4749 | D:5      | Found a glowing golden altar of the Shining One.
  4761 | D:5      | Noticed Pikel
  4771 | D:5      | Killed Pikel
  4772 | D:5      | Reached skill level 9 in Spellcasting
  4772 | D:5      | Reached XP level 8. HP: 41/41 MP: 10/23
  4773 | D:5      | Noticed Blork the orc
  4777 | D:5      | Reached skill level 10 in Spellcasting
  4783 | D:5      | Killed Blork the orc
  4790 | D:5      | HP: 2/41 [water moccasin (7)]
  4791 | D:5      | Succumbed to a water moccasin's poison

Illustrated notes

Levels and vault maps discovered:
D:1:      psy_arrival_radial02, layout_basic, basic_ecumenical_altar,
          nicolae_wormholes
D:2:      layout_basic, chequers_serial_rivers_micro_d, minmay_pentomino_v4,
          uniq_jessica
D:3:      layout_rooms, uniq_terence
D:4:      layout_gridville, serial_shops, shop, shop, uniq_sigmund
D:5:      layout_loops_corners, mainiacjoe_overflow_boulevard,
          xom_confusion_cloud, kennysheep_mini_moat,
          minmay_temple_entry_antechambers, gup_sewer_entry_bubbles, uniq_pikel,
          uniq_blork_the_orc

Skill      XL: |  1  2  3  4  5  6  7  8 |
---------------+-------------------------+-----
Spellcasting   | 4 5 6 7 9 10 | 10.1
Conjurations   | 5 6 7 9 |  9.2
Dodging        | |  2.4
Stealth        | |  2.4

Action                     |  1- 3 |  4- 6 |  7- 9 || total
---------------------------+-------+-------+-------++-------
  Melee: Unarmed           |     2 |       |       ||     2
         Dagger            |       |     3 |       ||     3
   Cast: Magic Dart        |    92 |    97 |    13 ||   202
         Searing Ray       |     3 |    11 |     7 ||    21
         Fulminant Prism   |       |       |     3 ||     3
    Use: Potion            |     1 |       |     2 ||     3
         Scroll            |     1 |       |       ||     1
 Armour: Robe              |     3 |     5 |     3 ||    11
  Dodge: Dodged            |    11 |     6 |    10 ||    27
